 Dungeon Crawl Stone Soup version 0.31.0-11-ge490571c62 (webtiles) character file.

Game seed: 8217982790544776997

63 qw the Shooter (level 3, -2/18 HPs)
             Began as a Spriggan Hunter on Feb 4, 2024.
             Slain by a quokka (4 damage)
             ... on level 2 of the Dungeon.
             The game lasted 00:00:02 (875 turns).

qw the Shooter (Spriggan Hunter)                     Turns: 875, Time: 00:00:03

Health: -2/18      AC:  2    Str:  7    XL:     3   Next: 87%
Magic:  4/4        EV: 19    Int: 10    God:
Gold:   72         SH:  0    Dex: 20    Spells: 2/2 levels left

rFire   . . .        a - +0 shortbow
rCold   . . .        (shield currently unavailable)
rNeg    . . .        c - +0 robe
rPois   .            (helmet restricted)
rElec   .            (no cloak)
rCorr   .            (gloves unavailable)
SInv    +            (boots unavailable)
Will    .....        (no amulet)
Stlth   ++           (no ring)
HPRegen 0.23/turn    (no ring)
MPRegen 0.09/turn

%: no passive effects
@: very quick
A: very small, no large weapons, unfitting armour, see invisible, speed 3
a: no special abilities


You were on level 2 of the Dungeon.
You visited 1 branch of the dungeon, and saw 2 of its levels.

You collected 72 gold pieces.


Innate Abilities, Weirdness & Mutations

You are very small and have problems with some larger weapons.
You are too small for most types of armour.
You have supernaturally acute eyesight. (SInv)
You cover ground extremely quickly. (Speed+++)


   Skills:
 - Level 1.5 Fighting
 - Level 5.0 Ranged Weapons
 + Level 4.1 Dodging
 - Level 1.5 Stealth


You had 2 spell levels left.
You didn't know any spells.
Your spell library was empty.

Inventory:

Hand Weapons
 a - a +0 shortbow (weapon)
Armour
 c - a +0 robe (worn)
Potions
 f - a potion of curing {unknown}

Dungeon Overview and Level Annotations

Branches:
Dungeon (2/15)

Altars:


Message History

You shoot an arrow. The arrow hits Terence.
Terence is almost dead.
Terence completely misses you. The quokka misses you. Terence misses you.
You shoot an arrow. The arrow barely misses Terence.
The quokka closely misses you. Terence completely misses you.
You shoot an arrow. The arrow hits Terence.
You kill Terence!
The quokka bites you. The kobold completely misses you. The quokka bites you.
Your Ranged Weapons skill increases to level 5!
You shoot an arrow. The arrow closely misses the kobold.
A bat comes into view.
The quokka bites you. The kobold misses you.
You shoot an arrow. The arrow closely misses the kobold.
The quokka misses you. The kobold misses you. The quokka completely misses you.
You shoot an arrow. The arrow hits the kobold!
You kill the kobold!
The quokka completely misses you. The bat hits you but does no damage.
You shoot an arrow. The arrow hits the bat.
The bat is severely wounded.
The bat hits you but does no damage. The quokka misses you.
The quokka barely misses you.
You shoot an arrow.
The arrow hits the quokka but does no damage.
The bat misses you. The quokka misses you.
You shoot an arrow. The arrow barely misses the quokka.
The bat closely misses you. The quokka barely misses you.
You shoot an arrow. The arrow hits the quokka.
The quokka is heavily wounded.
The bat closely misses you. The quokka bites you.
The quokka completely misses you.
You shoot an arrow. The arrow closely misses the quokka.
The bat barely misses you. The quokka bites you.
You shoot an arrow. The arrow barely misses the quokka.
The bat misses you. The bat hits you. The quokka barely misses you.
You shoot an arrow. The arrow hits the bat.
You kill the bat!
The quokka barely misses you. The quokka bites you.
You shoot an arrow. The arrow closely misses the quokka.
The quokka bites you.
You die...

#......%.... .# #
#..........#... .. ###
...........#.# ...#..
.............######.....
........................
............#......# #..
#......)r)..#......# #.#
..... #@# #.#....# #.#
#....####.# #......####.#
#...[....####..>...#.....
...................#.....
###...#.######...........
#...#.#######..........
##....%................
#...####....##........
#.....##........#.....


You could see a quokka.

Vanquished Creatures
  Terence (D:2)
  4 ball pythons (D:1)
  5 endoplasms
  4 giant cockroaches (D:1)
  A goblin (D:1)
  3 hobgoblins
  2 jackals (D:2)
  4 kobolds
  2 quokkas (D:1)
  3 bats
  A frilled lizard (D:1)
  2 rats (D:1)
32 creatures vanquished.

Notes
Turn   | Place    | Note
-------+----------+-------------------------------------------
     0 | D:1      | qw the Spriggan Hunter began the quest for the Orb.
     0 | D:1      | Reached XP level 1. HP: 10/10 MP: 2/2
     0 | D:1      | 0 ||| qw: Version: 0.3-a-160-g6735b56
     0 | D:1      | 0 ||| qw: Game counter: 5150
     0 | D:1      | 0 ||| qw: Melee chars always use a shield: true
     0 | D:1      | 0 ||| qw: God list: Okawaru
     0 | D:1      | 0 ||| qw: Allow faded altars: false
     0 | D:1      | 0 ||| qw: Do Orc after clearing Dungeon:15 true
     0 | D:1      | 0 ||| qw: Do second Lair branch before Depths: true
     0 | D:1      | 0 ||| qw: Lair rune preference: random
     0 | D:1      | 0 ||| qw: Goals: Normal
     0 | D:1      | 0 ||| PLANNING D:1-11
    27 | D:1      | Reached skill level 3 in Dodging
   145 | D:1      | Reached XP level 2. HP: 14/14 MP: 3/3
   470 | D:1      | Reached XP level 3. HP: 18/18 MP: 4/4
   640 | D:1      | 640 ||| READING scroll labelled JUBLAG ENORET.
   671 | D:1      | 671 ||| READING scroll labelled LEARONN CYRETZ.
   772 | D:1      | 772 ||| READING scroll labelled XUMNUE NYFUORATS.
   773 | D:1      | 773 ||| READING scroll labelled HIREFRUEWU.
   776 | D:1      | 776 ||| READING scroll labelled WANUINL AFEQY.
   776 | D:1      | 776 ||| ENCHANTING +0 shortbow.
   777 | D:1      | 777 ||| DROPPING scroll of butterflies.
   854 | D:2      | Noticed Terence
   864 | D:2      | Killed Terence
   865 | D:2      | Reached skill level 5 in Ranged Weapons
   872 | D:2      | HP: 4/18 [quokka (2)]
   874 | D:2      | HP: 1/18 [quokka (2)]
   875 | D:2      | Slain by a quokka

Levels and vault maps discovered:
D:1:      minmay_arrival_stair_chambers, layout_loops_ring
D:2:      layout_rooms, dilly_ecumenical_altar_fadedgnrine, due_unseen_surprise,
          uniq_terence

Skill      XL: |  1  2  3 |
---------------+----------+-----
Dodging        | 3 4 |  4.1
Ranged Weapons | 5 |  5.0
Fighting       | |  1.5
Stealth        | |  1.5

Action                     || total
---------------------------++-------
   Fire: Shortbow          ||    94
    Use: Scroll            ||     5
 Armour: Robe              ||    13
  Dodge: Dodged            ||    35

Table legend:
 A = Non-vault XP
 B = Vault XP
 C = Vault XP percentage of total XP
 D = Non-vault monster count
 E = Vault monster count
 F = Vault count percentage of total count
                 A         B        C        D         E       F
            +---------+---------+-------+---------+---------+-------
      Total |      54 |      36 |  40.0 |      31 |       1 |   3.1
            +---------+---------+-------+---------+---------+-------
        D:1 |      43 |       0 |   0.0 |      25 |       0 |   0.0
        D:2 |      11 |      36 |  76.6 |       6 |       1 |  14.3
            +---------+---------+-------+---------+---------+-------
